 Dungeon Crawl Stone Soup version 0.29-a0-330-g52719c12eb (webtiles) character file.

Game seed: 17475827639400276231

5279 kae the Thaumaturge (level 10, -6/54 HPs)
             Began as a Deep Elf Fire Elementalist on May 1, 2022.
             Was a Follower of Ashenzari.
             Mangled by a yak (14 damage)
             ... on level 9 of the Dungeon.
             The game lasted 00:07:31 (9348 turns).

kae the Thaumaturge (Deep Elf Fire Elementalist)    Turns: 9348, Time: 00:07:32

Health: -6/54      AC:  7    Str:  5    XL:     10   Next: 36%
Magic:  7/28       EV: 13    Int: 25    God:    Ashenzari [*.....]
Gold:   607        SH:  0    Dex: 15    Spells: 20/33 levels left

rFire   + . .      SeeInvis +   n - +2 demon trident (flame)
rCold   . . .      Faith    .   (no shield)
rNeg    + . .      Spirit   .   a - +0 robe
rPois   .          Reflect  .   (no helmet)
rElec   .          Harm     .   i - +2 cloak
rCorr   .          Rampage  .   m - +0 pair of gloves
Will    ++...                   b - +0 pair of boots
Stlth   ++........              f - amulet "Share My Augurer" {Regen+, Self, Range} (curse)
HPRegen 0.98/turn               j - ring of the Shattered Sybil {rN+ Will+ SInv, Elem, Fort} (curse)
MPRegen 0.21/turn               k - ring of protection from fire

@: lethally poisoned (-6 -> -6)
A: no striking features
a: Renounce Religion, Curse Item, Shatter the Chains


You were on level 9 of the Dungeon.
You worshipped Ashenzari.
Ashenzari was aware of your devotion.
You visited 2 branches of the dungeon, and saw 10 of its levels.
You also visited: Ossuary.

You collected 607 gold pieces.

Inventory:

Hand Weapons
 n - a +2 demon trident of flaming (weapon)
Armour
 a - a +0 robe (worn)
 b - a +0 pair of boots (worn)
 i - a +2 cloak (worn)
 m - a +0 pair of gloves (worn)
 s - a +2 scale mail of fire resistance
Jewellery
 f - the cursed amulet "Share My Augurer" (around neck) {Regen+, Self, Range}
   (You found it on level 1 of the Dungeon)

   [amulet of regeneration]

   Regen:     It increases your rate of health regeneration.
   It has a curse which improves the following skills: Introspection: Fighting
   and Spellcasting.
   Ranged Combat: Slings, Bows, Crossbows and Throwing.
 j - the cursed ring of the Shattered Sybil (left hand) {rN+ Will+ SInv, Elem, Fort}
   (You found it on level 2 of the Dungeon)

   [ring of see invisible]

   rN:        It protects you from negative energy.
   SInv:      It lets you see invisible.
   Will:      It increases your willpower.
   It has a curse which improves the following skills: Elements: Fire Magic, Ice
   Magic, Air Magic and Earth Magic.
   Fortitude: Armour and Shields.
 k - a ring of protection from fire (right hand)
 l - a +6 ring of dexterity
 u - a ring of see invisible
 v - the ring of the Hare {EV+8}
   (You found it on level 7 of the Dungeon)

   [ring of evasion]

   EV:        It affects your evasion (+8).
Wands
 d - a wand of flame (33)
 y - a wand of charming (1)
Scrolls
 c - a scroll of magic mapping
 e - a scroll of enchant weapon
 p - 2 scrolls of amnesia
 r - 5 scrolls of fog
 x - 5 scrolls of identify
 D - 2 scrolls of enchant armour
 E - a scroll of blinking
Potions
 g - 3 potions of lignification
 h - 2 potions of brilliance
 o - 3 potions of heal wounds
 q - 3 potions of mutation
 t - 2 potions of flight
 w - a potion of attraction
 z - 3 potions of might
 A - 2 potions of curing
 B - 2 potions of cancellation
 C - a potion of resistance


   Skills:
 + Level 1.7(2.3) Fighting
 + Level 1.4(2.1) Armour
 + Level 3.7 Dodging
 - Level 2.4 Stealth
 + Level 11.6(12.4) Spellcasting
 + Level 9.4 Conjurations
 + Level 10.1(10.9) Fire Magic


You had 20 spell levels left.
You knew the following spells:

 Your Spells              Type           Power      Damage    Failure   Level
a - Foxfire               Conj/Fire      100%       2x1d9     1%          1
b - Scorch                Fire           100%       2d10      1%          2
c - Conjure Flame         Conj/Fire      61%        6-21      1%          3
d - Inner Flame           Hex/Fire       42%        N/A       1%          3
e - Flame Wave            Conj/Fire      61%        2d12      1%          4

Your spell library contained the following spells:

 Spells                   Type           Power      Damage    Failure   Level
 Animate Skeleton         Necr           30%        N/A       3%          1
 Apportation              Tloc           30%        N/A       3%          1
 Summon Small Mammal      Summ           60%        N/A       3%          1
 Tukima's Dance           Hex            15%        N/A       12%         3
 Passage of Golubria      Tloc           15%        N/A       36%         4
 Yara's Violent Unravell  Hex/Tmut       7%         3d5       71%         5


Dungeon Overview and Level Annotations

Branches:
Dungeon (9/15)             Temple (1/1) D:4         Ossuary (visited)
   Lair: D:8-11         Orc: D:9-12

Altars:
Ashenzari
Cheibriados
Elyvilon
Fedhas
Gozag
Hepliaklqana
Kikubaaqudgha
Makhleb
Nemelex Xobeh
Okawaru
Ru
Sif Muna
Trog
Uskayaw
Vehumet
Wu Jian
Xom
Yredelemnul
Zin
The Shining One

Shops:
D:6 =[

Annotations:
D:2 1 runed translucent door, Crazy Yiuf
D:9 1 transporter, Namnaref's ghost, journeyman VSBe


Message History

The flame wave engulfs the yak!
The yak is almost dead.
The flame wave engulfs the yak!
The yak is lightly wounded.
You finish channelling waves of flame.
You feel sick.
You hear an angry buzzing noise. x2
The yak gores you! x2
Casting: Flame Wave (dangerous; 1% risk of failure)
Confirm with . or Enter, or press ? or * to list all spells.
Casting: Flame Wave (dangerous; 1% risk of failure)
Press: ? - help, Dir - look around, f - activate A wave of flame ripples out!
The flame wave engulfs the yak.
The yak is almost dead.
The flame wave engulfs the yak!
You kill the yak! (Press . to intensify the flame waves.)
You feel sick.
You hear an angry buzzing noise.
The yak completely misses you.
A wave of flame ripples out!
The flame wave engulfs the yak!!
You kill the yak!
The flame wave engulfs the yak!
The yak is moderately wounded.
You feel sick. The yak gores you.
* * * LOW HITPOINT WARNING * * *
A wave of flame ripples out!
The flame wave engulfs the yak!
The yak is severely wounded.
You finish channelling waves of flame.
You feel sick. The yak gores you!
* * * LOW HITPOINT WARNING * * *
Casting: Flame Wave (dangerous; 1% risk of failure)
Confirm with . or Enter, or press ? or * to list all spells.
Casting: Flame Wave (dangerous; 1% risk of failure)
Press: ? - help, Dir - look around, f - activate A wave of flame ripples out!
The flame wave engulfs the yak!
The yak is almost dead. (Press . to intensify the flame waves.)
You feel sick.
You hear an angry buzzing noise.
The yak gores you!
You die...

. #.. ...... ##..#######
#......#
#.........######......#
#.....Y@..#...........##
#......(....#####.......
...###....#.######.......
≈. .............##.....>.
# .####......#..........
.≈ ...........##........
. .......##............
.........#.........?#
.....<...#..#..#....#


You could see a yak.

Vanquished Creatures
  A troll (D:7)
  A hornet (D:9)
  Grinder (D:6)
  Sigmund (D:2)
  4 yaks (D:9)
  Menkaure (D:7)
  2 steam dragons (D:8)
  An acid dragon (D:8)
  Duvessa (D:7)
  3 water moccasins
  3 black bears
  2 ice beasts
  An orc warrior (D:8)
  An ogre (D:5)
  A centaur (D:8)
  2 phantoms
  A kobold brigand (D:9)
  5 elf zombies (Ossuary)
  A necrophage (D:4)
  4 bullfrogs
  A scorpion (D:5)
  Dowan (D:7)
  9 killer bees
  2 electric eels
  3 howler monkeys
  3 centaur zombies (Ossuary)
  2 hounds (D:6)
  A gnoll shaman (D:7)
  4 human zombies (Ossuary)
  An orc priest (D:6)
  Jessica (D:2)
  3 orc wizards
  An iguana (D:5)
  3 mummies (Ossuary)
  Robin (D:2)
  7 gnolls
  14 adders
  A shadow imp (D:8)
  2 ufetubi
  3 worms
  3 dart slugs
  14 orcs
  6 ball pythons
  5 bats
  3 endoplasms
  6 giant cockroaches
  20 goblins
  11 hobgoblins
  3 jackals (D:1)
  16 kobolds
  5 quokkas
  3 frilled lizards
  A goblin zombie (D:8)
  A quokka zombie (D:8)
  5 rats
202 creatures vanquished.

Vanquished Creatures (collateral kills)
  3 foxfires
3 creatures vanquished.

Vanquished Creatures (others)
  558 foxfires
558 creatures vanquished.

Grand Total: 763 creatures vanquished

Notes
Turn   | Place    | Note
-------+----------+-------------------------------------------
     0 | D:1      | kae the Deep Elf Fire Elementalist began the quest for the
                  | Orb.
     0 | D:1      | Reached XP level 1. HP: 10/10 MP: 6/6
   299 | D:1      | Reached XP level 2. HP: 10/15 MP: 5/8
   536 | D:1      | Found a faded altar of an unknown god.
   993 | D:1      | Learned a level 2 spell: Scorch
  1268 | D:2      | Found a runed translucent door.
  1278 | D:2      | Noticed Crazy Yiuf
  1293 | D:2      | Reached XP level 3. HP: 19/19 MP: 7/10
  1307 | D:2      | Reached skill level 4 in Spellcasting
  1307 | D:2      | Noticed Sigmund
  1319 | D:2      | Killed Sigmund
  1320 | D:2      | Reached skill level 5 in Spellcasting
  1320 | D:2      | Reached XP level 4. HP: 16/24 MP: 4/13
  1320 | D:2      | Reached XP level 5. HP: 18/28 MP: 4/14
  1607 | D:2      | Noticed Jessica
  1620 | D:2      | Killed Jessica
  1621 | D:2      | Reached skill level 5 in Fire Magic
  1711 | D:2      | Noticed Robin
  1728 | D:2      | Killed Robin
  1729 | D:2      | Reached XP level 6. HP: 32/32 MP: 10/16
  2137 | D:2      | Identified the ring of Teel {rN+ Will+ SInv}
  2333 | D:3      | Learned a level 3 spell: Conjure Flame
  2337 | D:3      | Learned a level 3 spell: Inner Flame
  2342 | D:3      | Learned a level 4 spell: Flame Wave
  2632 | D:3      | You fall into a shaft and drop 1 floor!
  2640 | D:4      | Reached skill level 6 in Spellcasting
  3271 | D:4      | Reached XP level 7. HP: 36/36 MP: 14/18
  3418 | D:4      | Found a staircase to the Ecumenical Temple.
  3698 | D:4      | Reached skill level 5 in Conjurations
  4166 | D:5      | Entered Level 5 of the Dungeon
  4364 | D:5      | Found an iron altar of Okawaru.
  4429 | D:5      | Reached skill level 7 in Spellcasting
  4857 | D:5      | Found a hide-covered altar of Uskayaw.
  4887 | D:5      | Reached XP level 8. HP: 41/41 MP: 10/21
  5082 | D:5      | Found a shimmering blue altar of Sif Muna.
  5392 | Temple   | Entered the Ecumenical Temple
  5436 | Temple   | Became a worshipper of Ashenzari the Shackled
  5749 | D:6      | Found Fipys's Jewellery Boutique.
  5781 | D:6      | Reached skill level 8 in Spellcasting
  5901 | D:6      | Noticed Grinder
  5911 | D:6      | Killed Grinder
  6224 | D:6      | Found Betobim's Antique Armour Shoppe.
  6626 | D:7      | Reached skill level 9 in Spellcasting
  6629 | D:7      | Noticed a troll
  6707 | D:7      | Found the ring of the Hare {EV+8}
  6727 | D:7      | Noticed Menkaure
  6734 | D:7      | Killed Menkaure
  6735 | D:7      | Noticed Duvessa
  6740 | D:7      | Noticed Dowan
  6754 | D:7      | HP: 2/41 [Duvessa/+0 short sword (7)]
  6770 | D:7      | Killed Dowan
  6771 | D:7      | Reached XP level 9. HP: 45/45 MP: 17/24
  6778 | D:7      | Killed Duvessa
  7103 | D:7      | Found a shimmering altar of Xom.
  7246 | D:7      | Killed a troll
  7247 | D:7      | Reached skill level 10 in Spellcasting
  7717 | D:7      | Reached * piety under Ashenzari
  7798 | D:8      | Found a burning altar of Makhleb.
  8053 | D:8      | Reached skill level 11 in Spellcasting
  8234 | D:8      | Found a sand-covered staircase.
  8265 | Ossuary  | Entered an ossuary
  8393 | Ossuary  | Reached XP level 10. HP: 48/50 MP: 21/28
  8812 | D:8      | Found a bloodstained altar of Trog.
  8988 | D:9      | Found a blossoming altar of Fedhas.
  9145 | D:9      | Found a transporter.
  9146 | D:9      | Noticed a two-headed ogre
  9146 | D:9      | Noticed Namnaref's ghost (journeyman VSBe)
  9147 | D:9      | Identified the +1 dire flail "Fatuta" {antimagic, rCorr
                  | Str+4}
  9147 | D:9      | Noticed a two-headed ogre
  9147 | D:9      | Noticed a two-headed ogre
  9149 | D:9      | Noticed a two-headed ogre
  9216 | D:9      | Reached skill level 1 in Fighting
  9336 | D:9      | Reached skill level 1 in Armour
  9344 | D:9      | Reached skill level 10 in Fire Magic
  9348 | D:9      | Mangled by a yak

Illustrated notes

Levels and vault maps discovered:
D:1:      grunt_arrival_lava_bath, layout_loops_cross,
          chequers_ecumenical_altar_island
D:2:      layout_basic, minmay_indecisive_spiral, uniq_crazy_yiuf_cottage,
          uniq_sigmund, uniq_jessica, uniq_robin
D:3:      minmay_chambers_of_twos, layout_rooms
D:4:      layout_gridville, minmay_temple_entry_waves
D:5:      nicolae_cairo_tiling_very_big, layout_basic, lemuel_tele_altar,
          okawaru_ov_weapons_minmay, nicolae_overflow_crystal_walls
D:6:      layout_basic, serial_shops, nicolae_stop_n_shop_2,
          nicolae_shop_crystal, serial_corexii_hall,
          chequers_hall_statues_corner_a, chequers_hall_statues_corner_a,
          uniq_grinder
D:7:      layout_basic, mainiacjoe_overflow_alcove_2, minivault_14,
          uniq_duvessa, uniq_menkaure
D:8:      layout_rooms, old_standard_altar, trog_hazing_becter, enter_ossuary_4,
          minmay_bent
D:9:      layout_rooms, fedhas_altar_3, orc_0_dummy, gammafunk_ghost_smash,
          nicolae_water_bricks, kennysheep_generic_room_3
Temple:   cyrus_circular_temple

Skill      XL: |  1  2  3  4  5  6  7  8  9 10 |
---------------+-------------------------------+-----
Conjurations   | 2 3 4 5 7 9 |  9.4
Spellcasting   | 5 6 7 9 11 | 11.6
Fire Magic     | 4 5 6 8 9 10 | 10.1
Fighting       | 1 |  1.7
Dodging        | 3 |  3.7
Armour         | 1 |  1.4
Stealth        | |  2.4

Action                   |  1- 3 |  4- 6 |  7- 9 | 10-12 || total
-------------------------+-------+-------+-------+-------++-------
Melee: Unarmed           |     2 |       |     3 |       ||     5
       Demon trident     |       |       |     3 |    35 ||    38
 Cast: Foxfire           |    53 |   105 |   157 |    31 ||   346
       Scorch            |     3 |     4 |    55 |    20 ||    82
       Conjure Flame     |       |       |     8 |     3 ||    11
       Flame Wave        |       |       |    10 |     7 ||    17
       Inner Flame       |       |       |     2 |       ||     2
Invok: Curse Item        |       |       |     2 |       ||     2
Evoke: Wand              |       |       |       |     2 ||     2
  Use: Scroll            |     5 |     4 |     8 |       ||    17
       Potion            |     1 |       |     4 |       ||     5
Armor: Robe              |     7 |     2 |    42 |    43 ||    94
       Skin              |       |       |    19 |       ||    19
Dodge: Dodged            |    14 |     5 |    62 |    66 ||   147

Table legend: (Time is in decaauts)
 A = Elapsed time spent in this place.
 B = Non-inter-level travel time spent in this place.
 C = Inter-level travel time spent in this place.
 D = Time resting spent in this place.
 E = Time spent auto-exploring this place.
 F = Levels seen in this place.
 G = Mean time per level.
                   A        B        C        D        E       F      G
               +--------+--------+--------+--------+--------+-----+--------+
         Total |   9368 |   9009 |    359 |    378 |   7098 |  11 |  851.6 |
       Dungeon |   8864 |   8515 |    349 |    378 |   6758 |   9 |  984.9 |
        Temple |     51 |     42 |      9 |      0 |     35 |   1 |   51.0 |
       Ossuary |    452 |    452 |      0 |      0 |    305 |   1 |  452.0 |
               +--------+--------+--------+--------+--------+-----+--------+

Top non-repeatable levels by time:
     D:4: 1231 daAuts
     D:2: 1166 daAuts
     D:1: 1164 daAuts
     D:6: 1154 daAuts
     D:7: 1104 daAuts
     D:5: 1095 daAuts
     D:8: 797 daAuts
     D:3: 771 daAuts
 Ossuary: 452 daAuts
     D:9: 378 daAuts
  Temple: 51 daAuts
